 Dungeon Crawl Stone Soup version 0.31-a0-157-g0643eb4156 (webtiles) character file.

Game seed: 10197227067209242485

620 qw the Skirmisher (level 7, -1/44 HPs)
             Began as a Gargoyle Hunter on June 12, 2023.
             Slain by a wyvern (10 damage)
             ... on level 7 of the Dungeon.
             The game lasted 00:01:20 (3241 turns).

qw the Skirmisher (Gargoyle Hunter)                 Turns: 3241, Time: 00:01:21

Health: -1/44      AC: 14    Str: 20    XL:     7   Next: 46%
Magic:  7/7        EV: 11    Int: 10    God:
Gold:   99         SH:  0    Dex: 15    Spells: 6/6 levels left

rFire   . . .        Y - +2 shortbow
rCold   . . .        (shield currently unavailable)
rNeg    + . .        d - +0 ring mail
rPois   inf          j - +2 hat
rElec   +            (no cloak)
rCorr   .            (no gloves)
SInv    +            m - +1 pair of boots
Will    .....        (no amulet)
Stlth   +            n - +6 ring of strength
HPRegen 0.27/turn    o - ring of see invisible
MPRegen 0.10/turn

%: no passive effects
@: no status effects
A: sickness immunity, AC +4, negative energy resistance 1, electricity
resistance, torment resistance 1, petrification resistance
a: no special abilities


You were on level 7 of the Dungeon.
You visited 1 branch of the dungeon, and saw 5 of its levels.

You collected 99 gold pieces.


Innate Abilities, Weirdness & Mutations

You are immune to sickness and miasma.
Your stone body is resilient. (AC +4)
You are immune to poison.
You resist negative energy. (rN+)
You are resistant to electric shocks. (rElec)
You are resistant to unholy torment.
You are immune to petrification.


   Skills:
 + Level 4.4 Fighting
 - Level 8.0 Ranged Weapons
 - Level 1.0 Armour
 - Level 1.5 Dodging
 - Level 1.1 Stealth


You had 6 spell levels left.
You didn't know any spells.
Your spell library was empty.

Inventory:

Hand Weapons
 Y - a +2 shortbow (weapon)
Armour
 d - a +0 ring mail (worn)
 j - a +2 hat (worn)
 m - a +1 pair of boots (worn)
Jewellery
 n - a +6 ring of strength (left hand)
 o - a ring of see invisible (right hand)
Scrolls
 c - a scroll of identify
Potions
 e - a potion of attraction
 f - a potion of lignification {unknown}
 g - a potion of enlightenment {unknown}
 i - a potion of berserk rage {unknown}
 k - 2 potions of haste
 l - a potion of degeneration {unknown}

Dungeon Overview and Level Annotations

Branches:
Dungeon (4/15)
 Temple: D:4-7

Altars:


Message History

The iguana bites you.
You shoot an arrow. The arrow hits the iguana!
You kill the iguana!
You start resting.
HP restored.
A wyvern is nearby!
You shoot an arrow. The wyvern hisses angrily.
The arrow hits the wyvern.
The wyvern is lightly wounded.
An iguana comes into view.
You shoot an arrow. The arrow barely misses the wyvern.
The iguana hisses angrily.
The wyvern bites you!
You shoot an arrow. The arrow hits the wyvern.
The wyvern is moderately wounded.
The wyvern bites you.
The wyvern bites you but does no damage.
You shoot an arrow. The arrow barely misses the wyvern.
The wyvern bites you but does no damage.
You shoot an arrow. The arrow closely misses the wyvern.
The wyvern bites you but does no damage.
The wyvern misses you.
You shoot an arrow. The arrow hits the wyvern.
The wyvern is moderately wounded.
The wyvern bites you! The wyvern completely misses you. The iguana misses you.
You shoot an arrow. The arrow hits the wyvern!
The wyvern is severely wounded.
The wyvern completely misses you. The iguana barely misses you.
You shoot an arrow. The arrow barely misses the wyvern.
The wyvern closely misses you.
The wyvern bites you but does no damage.
The iguana bites you!
You shoot an arrow. The arrow barely misses the wyvern.
The wyvern bites you!
The iguana bites you but does no damage.
The wyvern completely misses you.
You shoot an arrow. The arrow barely misses the wyvern.
The wyvern bites you!
You die...

####### #.....#
#.....# .
#.....#####....
#............#
#......####..#
###.##.####
#.....l@#
####.##l#
#.##.# #.....
####.## #.# ...
...


You could see a wyvern and an iguana.

Vanquished Creatures
  Sigmund (D:2)
  An ogre (D:4)
  A hound (D:4)
  An orc priest (D:7)
  Terence (D:3)
  3 sleepcaps (D:3)
  Natasha (thrice) (D:2)
  An iguana (D:7)
  3 adders (D:2)
  A white imp (D:7)
  3 worms (D:2)
  2 dart slugs (D:1)
  3 orcs
  7 endoplasms
  4 giant cockroaches
  7 goblins
  7 hobgoblins
  2 jackals (D:3)
  3 kobolds
  3 quokkas (D:2)
  5 ball pythons
  4 bats
  3 frilled lizards
  8 rats
77 creatures vanquished.

Notes
Turn   | Place    | Note
-------+----------+-------------------------------------------
     0 | D:1      | qw the Gargoyle Hunter began the quest for the Orb.
     0 | D:1      | Reached XP level 1. HP: 12/12 MP: 1/1
     0 | D:1      | 0 ||| qw: Version: 0.2-a-29-gc1b59c4
     0 | D:1      | 0 ||| qw: Game counter: 4140
     0 | D:1      | 0 ||| qw: Always use a shield: true
     0 | D:1      | 0 ||| qw: God list: Okawaru
     0 | D:1      | 0 ||| qw: Allow faded altars: false
     0 | D:1      | 0 ||| qw: Do Orc after D:15 true
     0 | D:1      | 0 ||| qw: Do second Lair branch before Depths: true
     0 | D:1      | 0 ||| qw: Lair rune preference: random
     0 | D:1      | 0 ||| qw: Plans: Normal, Zot:1-4, Slime:5, God:TSO, Crypt,
                  | Tomb, Abyss, Pan, Hells, Win
     0 | D:1      | 0 ||| PLANNING D:1-11
   107 | D:1      | Reached XP level 2. HP: 17/17 MP: 2/2
   226 | D:1      | 226 ||| FLEEEEING.
   537 | D:1      | Reached XP level 3. HP: 21/21 MP: 3/3
   663 | D:1      | 663 ||| UPGRADING to +0 ring mail.
   673 | D:1      | 673 ||| DROPPING +0 leather armour.
   674 | D:1      | 674 ||| UPGRADING to +0 helmet.
   679 | D:1      | 679 ||| UPGRADING to +6 ring of strength.
   680 | D:1      | 680 ||| READING scroll labelled LEGGET FIUNO.
   683 | D:1      | 683 ||| READING scroll labelled ZUOTIT RIPUIQ.
   697 | D:1      | 697 ||| READING scroll labelled NIYQUDUALL.
   698 | D:1      | 698 ||| READING scroll labelled EMILUPNASO.
   699 | D:1      | 699 ||| READING scroll labelled CAORCH LIRAINT.
   700 | D:1      | 700 ||| DROPPING scroll of butterflies.
   712 | D:2      | Found the +7 Throatcutter {drain, coup de grace}
   726 | D:2      | Reached skill level 1 in Armour
   763 | D:2      | Reached skill level 5 in Ranged Weapons
   930 | D:2      | Noticed Natasha
   938 | D:2      | Killed Natasha
   939 | D:2      | Reached skill level 3 in Fighting
   939 | D:2      | Reached XP level 4. HP: 19/28 MP: 4/4
  1038 | D:2      | Noticed Natasha
  1049 | D:2      | Killed Natasha
  1050 | D:2      | Reached XP level 5. HP: 13/32 MP: 5/5
  1236 | D:2      | Noticed Sigmund
  1252 | D:2      | HP: 8/32 [something (5)]
  1253 | D:2      | HP: 2/32 [something (6)]
  1258 | D:2      | HP: 1/32 [something (3)]
  1259 | D:2      | Killed Sigmund
  1260 | D:2      | Reached skill level 6 in Ranged Weapons
  1260 | D:2      | Reached XP level 6. HP: 1/37 MP: 6/6
  1426 | D:2      | Noticed Natasha
  1433 | D:2      | Killed Natasha
  1708 | D:2      | 1708 ||| READING scroll labelled GAMEFA DOQOTWAGOR.
  1709 | D:2      | 1709 ||| READING scroll labelled DESONE IFIR.
  1710 | D:2      | 1710 ||| READING scroll labelled FEDAEM IQ ZYVUA.
  1918 | D:3      | Noticed Terence
  1928 | D:3      | Killed Terence
  2178 | D:3      | Reached skill level 7 in Ranged Weapons
  2187 | D:3      | HP: 9/38 [sleepcap (6)]
  2188 | D:3      | 2188 ||| READING scroll of teleportation.
  2188 | D:3      | HP: 2/38 [sleepcap (7)]
  2189 | D:3      | 2189 ||| DRINKING potion of heal wounds.
  2573 | D:3      | Reached XP level 7. HP: 33/43 MP: 7/7
  2618 | D:3      | 2618 ||| UPGRADING to +2 hat.
  2628 | D:3      | 2628 ||| DROPPING +0 helmet.
  2629 | D:3      | 2629 ||| UPGRADING to +1 pair of boots.
  2634 | D:3      | 2634 ||| UPGRADING to ring of see invisible.
  2635 | D:3      | 2635 ||| READING scroll labelled WAINAI JEBAY.
  2636 | D:3      | 2636 ||| DRINKING 2 red potions.
  2986 | D:4      | 2986 ||| READING scroll of enchant weapon.
  2986 | D:4      | 2986 ||| ENCHANTING +1 shortbow.
  3032 | D:4      | You fall into a shaft and drop 3 floors!
  3036 | D:7      | Noticed a wyvern
  3048 | D:7      | HP: 8/43 [wyvern (11)]
  3049 | D:7      | 3049 ||| READING scroll of teleportation.
  3050 | D:7      | 3050 ||| DRINKING potion of heal wounds.
  3055 | D:7      | Reached skill level 8 in Ranged Weapons
  3065 | D:7      | HP: 5/43 [iguana (10)]
  3067 | D:7      | HP: 2/43 [iguana (3)]
  3240 | D:7      | HP: 9/44 [wyvern (10)]
  3241 | D:7      | Slain by a wyvern

Levels and vault maps discovered:
D:1:      psy_arrival_basics, layout_loops_ring, minmay_crystal_room
D:2:      layout_loops_cross, minmay_liquid_box, kennysheep_generic_room_4,
          uniq_natasha, uniq_sigmund
D:3:      layout_loops_ring, hellmonk_no_cap, uniq_terence
D:4:      layout_cave_pods
D:7:      layout_loops_cross, nicolae_overflow_crystal_walls

Skill      XL: |  1  2  3  4  5  6  7 |
---------------+----------------------+-----
Armour         | 1 |  1.0
Ranged Weapons | 5 6 7 8 |  8.0
Fighting       | 3 4 |  4.4
Dodging        | |  1.5
Stealth        | |  1.1

Action                     |  1- 3 |  4- 6 |  7- 9 || total
---------------------------+-------+-------+-------++-------
   Fire: Shortbow          |   106 |   162 |    69 ||   337
    Use: Scroll            |     5 |     4 |     3 ||    12
         Potion            |       |     1 |     2 ||     3
 Armour: Leather armour    |     2 |       |       ||     2
         Ring mail         |    25 |    46 |    24 ||    95
  Dodge: Dodged            |    29 |    56 |    36 ||   121

Table legend:
 A = Non-vault XP
 B = Vault XP
 C = Vault XP percentage of total XP
 D = Non-vault monster count
 E = Vault monster count
 F = Vault count percentage of total count
                 A         B        C        D         E       F
            +---------+---------+-------+---------+---------+-------
      Total |     475 |     411 |  46.4 |      69 |       8 |  10.4
            +---------+---------+-------+---------+---------+-------
        D:1 |      36 |       0 |   0.0 |      19 |       0 |   0.0
        D:2 |     149 |     263 |  63.8 |      24 |       3 |  11.1
        D:3 |      30 |     148 |  83.1 |      17 |       5 |  22.7
        D:4 |     167 |       0 |   0.0 |       4 |       0 |   0.0
        D:7 |      93 |       0 |   0.0 |       5 |       0 |   0.0
            +---------+---------+-------+---------+---------+-------
